| TOP OF THE 1ST |
|
Wisconsin Timber Rattlers batting - Pitching for Binghamton Mets : RHP Morty Rupert
|
|
Pitching: RHP Morty Rupert
|
|
|
Batting: RHB Joe LaDue
|
0-0: Ball 1-0: Ball 2-0: Ball 3-0: Called Strike 3-1: Called Strike 3-2: Foul Ball, location: 2F 3-2: Base on Balls
|
|
Batting: RHB Nick Garland
|
0-0: Called Strike 0-1: Ball Joe LaDue is caught stealing 2nd base 2-4 1-1: Ball 2-1: Fly out, F8 (Flyball, 8LXD, EV 93.8 MPH)
|
|
Batting: RHB Eddie McCoy
|
0-0: Ball 1-0: Ball 2-0: Ball 3-0: Called Strike 3-1: Fly out, F8 (Flyball, 8RD, EV 94.4 MPH)
|
| Top of the 1st over - 0 runs, 0 hits, 0 errors, 0 left on base; Wisconsin 0 - Binghamton 0 |
| BOTTOM OF THE 1ST |
|
Binghamton Mets batting - Pitching for Wisconsin Timber Rattlers : RHP Eddie Becerra
|
|
Pitching: RHP Eddie Becerra
|
|
|
Batting: LHB Elmo Dreier
|
0-0: Ball 1-0: Called Strike 1-1: Reached on error, E3 (Groundball, 34S, EV 80.6 MPH)
|
|
Batting: RHB Steve Dunaway
|
0-0: Ball 1-0: Foul Ball, location: 2F 1-1: Ball 2-1: Foul Ball, location: 2F 2-2: Strikes out swinging
|
|
Batting: SHB Alex Orozco
|
0-0: Called Strike Elmo Dreier steals 2nd base 0-1: Foul Ball, location: 2F 0-2: Ground out 4-3 (Groundball, 4, EV 85.0 MPH) Elmo Dreier to third
|
|
Batting: RHB Andy Solorzano
|
0-0: Ball 1-0: Foul Ball, location: 2F 1-1: 2-RUN HOME RUN (Flyball, 9D, EV 94.4 MPH), Distance : 376 ft
|
|
Batting: LHB Nate Trahan
|
0-0: Swinging Strike 0-1: Ball 1-1: Ball 2-1: Ground out U3 (Groundball, 34, EV 88.8 MPH)
|
| Bottom of the 1st over - 2 runs, 1 hit, 1 error, 0 left on base; Wisconsin 0 - Binghamton 2 |
| TOP OF THE 2ND |
|
Wisconsin Timber Rattlers batting - Pitching for Binghamton Mets : RHP Morty Rupert
|
|
Batting: RHB Rafael Medina
|
0-0: Ball 1-0: Foul Ball, location: 2F 1-1: Ball 2-1: Called Strike 2-2: Fly out, F9 (Flyball, 9D, EV 78.1 MPH)
|
|
Batting: RHB Jeff Cornett
|
0-0: Ground out 5-3 (Groundball, 56, EV 78.8 MPH)
|
|
Batting: RHB John Freeman
|
0-0: Ball 1-0: Called Strike 1-1: Foul Ball, location: 2F 1-2: Ball 2-2: Strikes out swinging
|
| Top of the 2nd over - 0 runs, 0 hits, 0 errors, 0 left on base; Wisconsin 0 - Binghamton 2 |
| BOTTOM OF THE 2ND |
|
Binghamton Mets batting - Pitching for Wisconsin Timber Rattlers : RHP Eddie Becerra
|
|
Batting: LHB Willie Cintron
|
0-0: Ball 1-0: Ball 2-0: Called Strike 2-1: Foul Ball, location: 2F 2-2: Ground out 4-3 (Groundball, 4, EV 80.6 MPH)
|
|
Batting: LHB Joel Soto
|
0-0: Ball 1-0: Called Strike 1-1: Ball 2-1: Swinging Strike 2-2: Ball 3-2: Foul Ball, location: 2F 3-2: TRIPLE (Line Drive, 9LD, EV 105.0 MPH)
|
|
Batting: RHB Matt Skipper
|
0-0: Ball 1-0: Ball 2-0: Called Strike 2-1: SINGLE (Groundball, 34D, EV 101.9 MPH) Joel Soto scores
|
|
Batting: RHB Jake Hansford
|
0-0: Called Strike 0-1: Called Strike 0-2: Fly out, F3 (Popup, 3SF, EV 71.2 MPH)
|
|
Batting: LHB Elmo Dreier
|
0-0: Ball 1-0: Swinging Strike 1-1: Foul Ball, location: 2F 1-2: Foul Ball, location: 2F 1-2: Ball 2-2: Ball 3-2: Base on Balls Matt Skipper to second
|
|
Batting: RHB Steve Dunaway
|
0-0: Foul Ball, location: 2F 0-1: Ball 1-1: Fielders Choice at 2nd, 6-4 (Groundball, 6, EV 105.0 MPH)
|
| Bottom of the 2nd over - 1 run, 2 hits, 0 errors, 2 left on base; Wisconsin 0 - Binghamton 3 |
| TOP OF THE 3RD |
|
Wisconsin Timber Rattlers batting - Pitching for Binghamton Mets : RHP Morty Rupert
|
|
Batting: RHB Tyler Badillo
|
0-0: Ball 1-0: Ball 2-0: Foul Ball, location: 2F 2-1: Foul Ball, location: 2F 2-2: Ball 3-2: Base on Balls
|
|
Batting: RHB Bryant Thies
|
0-0: Ball 1-0: Fly out, F9 (Flyball, 89D, EV 102.5 MPH)
|
|
Batting: RHB Dave Bateman
|
0-0: Ball 1-0: Fielders Choice at 2nd, 5-4 (Groundball, 56, EV 84.4 MPH)
|
|
Batting: RHB Joe LaDue
|
0-0: 2-RUN HOME RUN (Flyball, 7D, EV 95.6 MPH), Distance : 372 ft
|
|
Batting: RHB Nick Garland
|
0-0: Swinging Strike 0-1: Ball 1-1: Ground out 6-3 (Groundball, 6D, EV 99.4 MPH)
|
| Top of the 3rd over - 2 runs, 1 hit, 0 errors, 0 left on base; Wisconsin 2 - Binghamton 3 |
| BOTTOM OF THE 3RD |
|
Binghamton Mets batting - Pitching for Wisconsin Timber Rattlers : RHP Eddie Becerra
|
|
Batting: SHB Alex Orozco
|
0-0: Ball 1-0: Hit by Pitch
|
|
Batting: RHB Andy Solorzano
|
0-0: Foul Ball, location: 2F 0-1: Ball 1-1: Fly out, F8 (Flyball, 8RD, EV 96.2 MPH)
|
|
Batting: LHB Nate Trahan
|
0-0: Fly out, F7 (Flyball, 7, EV 96.9 MPH)
|
|
Batting: LHB Willie Cintron
|
0-0: Called Strike 0-1: Swinging Strike 0-2: Strikes out swinging
|
| Bottom of the 3rd over - 0 runs, 0 hits, 0 errors, 1 left on base; Wisconsin 2 - Binghamton 3 |
| TOP OF THE 4TH |
|
Wisconsin Timber Rattlers batting - Pitching for Binghamton Mets : RHP Morty Rupert
|
|
Batting: RHB Eddie McCoy
|
0-0: Foul Ball, location: 2F 0-1: Foul Ball, location: 2F 0-2: Ground out 5-3 (Groundball, 5S, EV 87.5 MPH)
|
|
Batting: RHB Rafael Medina
|
0-0: Ground out 6-3 (Groundball, 6M, EV 77.5 MPH)
|
|
Batting: RHB Jeff Cornett
|
0-0: SOLO HOME RUN (Flyball, 78XD, EV 101.2 MPH), Distance : 408 ft
|
|
Batting: RHB John Freeman
|
0-0: Ball 1-0: Foul Ball, location: 2F 1-1: Ball 2-1: Ball 3-1: Called Strike 3-2: Ground out 5-3 (Groundball, 5, EV 86.2 MPH)
|
| Top of the 4th over - 1 run, 1 hit, 0 errors, 0 left on base; Wisconsin 3 - Binghamton 3 |
| BOTTOM OF THE 4TH |
|
Binghamton Mets batting - Pitching for Wisconsin Timber Rattlers : RHP Eddie Becerra
|
|
Batting: LHB Joel Soto
|
0-0: Swinging Strike 0-1: SINGLE (Groundball, 56, EV 108.1 MPH) (infield hit)
|
|
Batting: RHB Matt Skipper
|
0-0: Ball 1-0: Ball 2-0: Foul Ball, location: 2F 2-1: Ball Joel Soto steals 2nd base (no throw) 3-1: Foul Ball, location: 2F 3-2: DOUBLE (Groundball, 5L, EV 100.6 MPH) Joel Soto scores
|
|
Batting: RHB Jake Hansford
|
0-0: Swinging Strike 0-1: Ball 1-1: Ball 2-1: Ball 3-1: SINGLE (Groundball, 56S, EV 70.0 MPH) (infield hit) Matt Skipper to third
|
|
Batting: LHB Elmo Dreier
|
0-0: Fielders Choice at 2nd, 1-6 (Groundball, 13S, EV 65.6 MPH)
|
|
Batting: RHB Steve Dunaway
|
0-0: Ball Elmo Dreier steals 2nd base (no throw) 1-0: Foul Ball, location: 2F Balk! Matt Skipper scores Elmo Dreier to third 1-1: Called Strike 1-2: Foul Ball, location: 2F 1-2: Ground out 6-3 (Groundball, 6, EV 79.4 MPH) Elmo Dreier scores
|
|
Batting: SHB Alex Orozco
|
0-0: Ball 1-0: Ball 2-0: Ball 3-0: Base on Balls
|
|
Pitching: RHP Daniel Kaefer
|
|
|
Batting: RHB Andy Solorzano
|
0-0: Ball Wild Pitch! Alex Orozco to second 1-0: Foul Ball, location: 2F 1-1: Ball 2-1: Fly out, F9 (Flyball, 9LS, EV 93.1 MPH)
|
| Bottom of the 4th over - 3 runs, 3 hits, 0 errors, 1 left on base; Wisconsin 3 - Binghamton 6 |
| TOP OF THE 5TH |
|
Wisconsin Timber Rattlers batting - Pitching for Binghamton Mets : RHP Morty Rupert
|
|
Batting: RHB Tyler Badillo
|
0-0: Fly out, F6 (Line Drive, 6, EV 73.1 MPH)
|
|
Batting: RHB Bryant Thies
|
0-0: Ball 1-0: Called Strike 1-1: Ball 2-1: Swinging Strike 2-2: Foul Ball, location: 2F 2-2: Ball 3-2: Strikes out swinging
|
|
Batting: RHB Dave Bateman
|
0-0: Ground out 6-3 (Groundball, 6, EV 103.8 MPH)
|
| Top of the 5th over - 0 runs, 0 hits, 0 errors, 0 left on base; Wisconsin 3 - Binghamton 6 |
| BOTTOM OF THE 5TH |
|
Binghamton Mets batting - Pitching for Wisconsin Timber Rattlers : RHP Daniel Kaefer
|
|
Batting: LHB Nate Trahan
|
0-0: Ball 1-0: Ball 2-0: Foul Ball, location: 2F 2-1: Called Strike 2-2: Foul Ball, location: 2F 2-2: Ground out U3 (Groundball, 3, EV 79.4 MPH)
|
|
Batting: LHB Willie Cintron
|
0-0: Ball 1-0: Ball 2-0: Ball 3-0: Called Strike 3-1: Called Strike 3-2: Fly out, F7 (Line Drive, 7, EV 91.2 MPH)
|
|
Batting: LHB Joel Soto
|
0-0: Ball 1-0: Called Strike 1-1: Ball 2-1: SINGLE (Line Drive, 7S, EV 105.0 MPH)
|
|
Batting: RHB Matt Skipper
|
0-0: Ball 1-0: Fielders Choice at 2nd, 5-4 (Groundball, 56, EV 95.6 MPH)
|
| Bottom of the 5th over - 0 runs, 1 hit, 0 errors, 1 left on base; Wisconsin 3 - Binghamton 6 |
| TOP OF THE 6TH |
|
Wisconsin Timber Rattlers batting - Pitching for Binghamton Mets : RHP Morty Rupert
|
|
Batting: RHB Joe LaDue
|
0-0: Ball 1-0: Called Strike 1-1: Ball 2-1: Swinging Strike 2-2: Ground out 4-3 (Groundball, 34, EV 82.5 MPH)
|
|
Batting: RHB Nick Garland
|
0-0: Ball 1-0: Ball 2-0: Called Strike 2-1: Reached on error, E6 (Groundball, P, EV 91.9 MPH)
|
|
Batting: RHB Eddie McCoy
|
0-0: Ball 1-0: Ball 2-0: Swinging Strike 2-1: Swinging Strike 2-2: Ball 3-2: Base on Balls
|
|
Batting: RHB Rafael Medina
|
0-0: Called Strike 0-1: Ball 1-1: Ball 2-1: Swinging Strike 2-2: Foul Ball, location: 2F 2-2: Ball 3-2: Foul Ball, location: 2F 3-2: Foul Ball, location: 2F 3-2: Grounds into double play, 5-4-3 (Groundball, 56, EV 83.8 MPH)
|
| Top of the 6th over - 0 runs, 0 hits, 1 error, 1 left on base; Wisconsin 3 - Binghamton 6 |
| BOTTOM OF THE 6TH |
|
Binghamton Mets batting - Pitching for Wisconsin Timber Rattlers : RHP Daniel Kaefer
|
|
Batting: RHB Jake Hansford
|
0-0: Swinging Strike 0-1: Swinging Strike 0-2: Ball 1-2: Foul Ball, location: 2F 1-2: Strikes out swinging
|
|
Batting: LHB Elmo Dreier
|
0-0: Ball 1-0: Ball 2-0: Foul Ball, location: 2F 2-1: TRIPLE (Groundball, 5L, EV 103.8 MPH)
|
|
Batting: RHB Steve Dunaway
|
0-0: Called Strike 0-1: Fly out, F9 (Flyball, 9, EV 85.0 MPH) Runner from 3rd tags up, SCORES, no throw by RF
|
|
Pitching: LHP Tom Barone
|
|
|
Batting: SHB Alex Orozco
|
0-0: Called Strike 0-1: Ball 1-1: Swinging Strike 1-2: Strikes out swinging
|
| Bottom of the 6th over - 1 run, 1 hit, 0 errors, 0 left on base; Wisconsin 3 - Binghamton 7 |
| TOP OF THE 7TH |
|
Wisconsin Timber Rattlers batting - Pitching for Binghamton Mets : RHP Morty Rupert
|
|
Batting: RHB Jeff Cornett
|
0-0: SINGLE (Line Drive, 89S, EV 93.8 MPH)
|
|
Batting: RHB John Freeman
|
0-0: Called Strike 0-1: Ball 1-1: Swinging Strike 1-2: Ball 2-2: Strikes out looking
|
|
Batting: RHB Tyler Badillo
|
0-0: Grounds into double play, 4-6-3 (Groundball, 4S, EV 88.1 MPH)
|
| Top of the 7th over - 0 runs, 1 hit, 0 errors, 0 left on base; Wisconsin 3 - Binghamton 7 |
| BOTTOM OF THE 7TH |
|
Binghamton Mets batting - Pitching for Wisconsin Timber Rattlers : LHP Tom Barone
|
|
Batting: RHB Andy Solorzano
|
0-0: Ball 1-0: Ground out 6-3 (Groundball, 6, EV 85.6 MPH)
|
|
Batting: LHB Nate Trahan
|
0-0: Called Strike 0-1: Ball 1-1: Foul Ball, location: 2F 1-2: Foul Ball, location: 2F 1-2: SINGLE (Flyball, 89S, EV 90.0 MPH)
|
|
Batting: LHB Willie Cintron
|
0-0: Ball 1-0: Called Strike 1-1: Called Strike 1-2: Foul Ball, location: 2F 1-2: Ball 2-2: Ball 3-2: Grounds into double play, 4-6-3 (Groundball, 34, EV 97.5 MPH)
|
| Bottom of the 7th over - 0 runs, 1 hit, 0 errors, 0 left on base; Wisconsin 3 - Binghamton 7 |
| TOP OF THE 8TH |
|
Wisconsin Timber Rattlers batting - Pitching for Binghamton Mets : RHP Morty Rupert
|
|
Batting: RHB Bryant Thies
|
0-0: Ball 1-0: Called Strike 1-1: Ground out 5-3 (Groundball, 56S, EV 89.4 MPH)
|
|
Pitching: LHP Jonathan Gendron
|
|
|
Batting: RHB Dave Bateman
|
0-0: Swinging Strike 0-1: Foul Ball, location: 2F 0-2: Ball 1-2: Ball 2-2: Foul Ball, location: 2F 2-2: Ball 3-2: Strikes out swinging
|
|
Batting: RHB Joe LaDue
|
0-0: Ball 1-0: Foul Ball, location: 2F 1-1: Ball 2-1: SOLO HOME RUN (Flyball, 9LD, EV 95.6 MPH), Distance : 354 ft
|
|
Batting: RHB Nick Garland
|
0-0: Ball 1-0: Fly out, F9 (Flyball, 89M, EV 83.1 MPH)
|
| Top of the 8th over - 1 run, 1 hit, 0 errors, 0 left on base; Wisconsin 4 - Binghamton 7 |
| BOTTOM OF THE 8TH |
|
Binghamton Mets batting - Pitching for Wisconsin Timber Rattlers : LHP Tom Barone
|
|
Batting: LHB Joel Soto
|
0-0: SINGLE (Line Drive, 56D, EV 110.6 MPH)
|
|
Batting: RHB Matt Skipper
|
0-0: Bunt missed! 0-1: Ball 1-1: Ball 2-1: Bunted foul 2-2: Grounds into double play, 4-6-3 (Groundball, 34, EV 87.5 MPH)
|
|
Batting: RHB Jake Hansford
|
0-0: Ball 1-0: Called Strike 1-1: Called Strike 1-2: Ball 2-2: Ball 3-2: Strikes out swinging
|
| Bottom of the 8th over - 0 runs, 1 hit, 0 errors, 0 left on base; Wisconsin 4 - Binghamton 7 |
| TOP OF THE 9TH |
|
Wisconsin Timber Rattlers batting - Pitching for Binghamton Mets : LHP Jonathan Gendron
|
|
Pitching: RHP Amare Golden
|
|
|
Batting: RHB Eddie McCoy
|
0-0: Called Strike 0-1: Ball 1-1: Ball 2-1: Ground out 6-3 (Groundball, 6, EV 105.6 MPH)
|
|
Batting: LHB Andy Sanchez
|
0-0: Foul Ball, location: 2F 0-1: Called Strike 0-2: Ball 1-2: Ball 2-2: Strikes out swinging
|
|
Batting: RHB Jeff Cornett
|
0-0: Called Strike 0-1: Ball 1-1: Foul Ball, location: 2F 1-2: Ball 2-2: Ground out 6-3 (Groundball, 56, EV 89.4 MPH)
|
| Top of the 9th over - 0 runs, 0 hits, 0 errors, 0 left on base; Wisconsin 4 - Binghamton 7 |
|